 Dungeon Crawl Stone Soup version 0.25.0-65-g31bcc41 (webtiles) character file.

3339 Dorkslayer the Blocker (level 10, -2/61 HPs)
             Began as a Gargoyle Fighter on Nov 6, 2020.
             Was an Initiate of Okawaru.
             Slain by an unseen horror (7 damage)
             ... on level 2 of the Dungeon.
             The game lasted 00:07:07 (1104 turns).

Dorkslayer the Blocker (Gargoyle Fighter)           Turns: 1104, Time: 00:07:07

Health: -2/61      AC: 18    Str: 23    XL:     10   Next: 2%
Magic:  10/10      EV:  7    Int:  9    God:    Okawaru [......]
Gold:   39         SH: 12    Dex:  9    Spells: 9/9 levels left

rFire    . . .     SeeInvis .   a - +0 long sword
rCold    . . .     Gourm    .   c - +1 shield
rNeg     + . .     Faith    .   k - +0 chain mail
rPois    ∞         Spirit   .   (no helmet)
rElec    +         Reflect  .   (no cloak)
rCorr    .         Harm     .   (no gloves)
MR       .....                  (no boots)
Stlth    ..........             q - amulet of inaccuracy (curse)
HPRegen  0.20/turn              j - +2 ring of slaying
MPRegen  0.12/turn              (no ring)

@: no status effects
A: negative energy resistance 1, electricity resistance, unbreathing,
petrification resistance, rot immunity, AC +7
a: Renounce Religion


You were on level 2 of the Dungeon.
You worshipped Okawaru.
Okawaru was noncommittal.
You were not hungry.

You visited 2 branches of the dungeon, and saw 3 of its levels.

You collected 39 gold pieces.

Inventory:

Hand Weapons
 a - a +0 long sword (weapon)
Armour
 b - the +0 shield of Weightlessness {Str+5, unknown}
   (You acquired it on level 2 of the Dungeon)

   It affects your strength (+5).
 c - a +1 shield (worn)
 k - a +0 chain mail (worn)
Jewellery
 j - a +2 ring of slaying (left hand)
 q - a cursed amulet of inaccuracy (around neck)
Scrolls
 d - a scroll of teleportation
 h - 2 scrolls of magic mapping
 l - 2 scrolls of enchant armour
 m - a scroll of noise
Potions
 g - 3 potions of flight
Comestibles
 f - 3 rations
 n - 4 chunks of flesh


   Skills:
 + Level 6.6 Fighting
 + Level 7.8 Long Blades
 + Level 7.7 Armour
 + Level 2.3 Dodging
 + Level 0.2 Stealth
 + Level 8.0 Shields


You had 9 spell levels left.
You didn't know any spells.
Your spell library was empty.

Dungeon Overview and Level Annotations

Branches:
Dungeon (2/3)              Temple (1/1) D:1          Shoals (0/1) D:2
    Orc (0/1) D:2
  Snake: D:2-3       Spider: D:2-3        Slime: D:2-3       Vaults: D:2-3

Altars:
Dithmenos
Elyvilon
Fedhas
Okawaru
Ru
Uskayaw
Xom
Zin


Innate Abilities, Weirdness & Mutations

You are resistant to torment.
Your stone body is resilient. (AC +7)
You are immune to poison.
You resist negative energy. (rN+)
You are resistant to electric shocks. (rElec)
You can survive without breathing.
You are immune to petrification.
You are immune to rotting.


Message History

Something hits you but does no damage.
You hit something. Something hits you but does no damage.
Something hits you but does no damage. Something hits you.
You hit something. Something hits you. Something hits you but does no damage.
Something hits you!
* * * LOW HITPOINT WARNING * * *
Something hits you.
* * * LOW HITPOINT WARNING * * *
Something hits you but does no damage. You block something's attack.
Something completely misses you. Something hits you but does no damage.
You hit something. Something hits you but does no damage. Something hits you!
* * * LOW HITPOINT WARNING * * *
Something hits you.
* * * LOW HITPOINT WARNING * * *
Something hits you but does no damage. x2
Something hits you but does no damage. x2
You barely miss something. Something hits you but does no damage.
You miss something. Something hits you!
You die...

####### #.....# #.....#######
#.......(...#
##.....#####.###############
#......# #..@............#
#.###### ########.######.#
###.## #.# *,* .....#* #.## *,*
###...# #{.# *,* #.§§# #..# *,*
#§§§# *** ******#..####### #§.§#
*,***,,,,,#..#....(#**
**#[..#****,,,*,,,,,#..#.....#,*


There were no monsters in sight!

Vanquished Creatures
  A troll (D:2)
  A black bear (D:1)
  2 bullfrogs (D:1)
  3 crimson imps (D:1)
  An orc priest (D:1)
  A hound (D:1)
  A bullfrog skeleton (D:1)
  A worker ant (D:1)
  A howler monkey zombie (D:1)
  A gnoll (D:1)
  An adder (D:1)
  3 orcs
  2 quokkas (D:1)
  A ball python skeleton (D:1)
  A leopard gecko skeleton (D:1)
21 creatures vanquished.

Notes
Turn   | Place    | Note
-------+----------+-------------------------------------------
     0 | D:1      | Dorkslayer the Gargoyle Fighter began the quest for the
                  | Orb.
     0 | D:1      | Reached XP level 1. HP: 14/14 MP: 1/1
    77 | D:1      | Reached XP level 2. HP: 18/19 MP: 2/2
   122 | D:1      | Reached skill level 4 in Shields
   122 | D:1      | Reached XP level 3. HP: 23/24 MP: 3/3
   122 | D:1      | Reached XP level 4. HP: 28/30 MP: 4/4
   122 | D:1      | Reached XP level 5. HP: 32/34 MP: 5/5
   133 | D:1      | Reached skill level 5 in Armour
   133 | D:1      | Reached XP level 6. HP: 27/39 MP: 6/6
   167 | D:1      | Found a shadowy altar of Dithmenos.
   190 | D:1      | Found a blossoming altar of Fedhas.
   208 | D:1      | Reached skill level 5 in Shields
   208 | D:1      | Reached XP level 7. HP: 43/44 MP: 7/7
   243 | D:1      | Reached skill level 5 in Fighting
   250 | D:1      | Reached XP level 8. HP: 28/50 MP: 8/8
   251 | D:1      | Reached skill level 6 in Shields
   254 | D:1      | Reached skill level 1 in Dodging
   271 | D:1      | Reached skill level 5 in Long Blades
   298 | D:1      | Reached XP level 9. HP: 31/55 MP: 9/9
   310 | D:1      | Reached skill level 7 in Shields
   424 | D:1      | Found a sacrificial altar of Ru.
   622 | D:1      | Found a staircase to the Ecumenical Temple.
   625 | D:1      | Found a white marble altar of Elyvilon.
   627 | D:1      | Found a hide-covered altar of Uskayaw.
   634 | Temple   | Entered the Ecumenical Temple
   647 | Temple   | Became a worshipper of Warmaster Okawaru
   879 | D:2      | Noticed a troll
   907 | D:2      | Killed a troll
   907 | D:2      | Reached skill level 8 in Shields
   907 | D:2      | Reached XP level 10. HP: 33/61 MP: 10/10
   926 | D:2      | Found a staircase to the Shoals.
  1009 | D:2      | Identified a scroll of acquirement
  1038 | D:2      | Got a jewelled shield
  1104 | D:2      | Slain by an unseen horror

Skill      XL: |  1  2  3  4  5  6  7  8  9 |
---------------+----------------------------+-----
Fighting       | 4 5 6 |  6.6
Long Blades    | 2 3 4 5 7 |  7.8
Armour         | 4 5 6 7 |  7.7
Shields        | 4 5 6 8 |  8.0
Dodging        | 1 2 |  2.3
Stealth        | |  0.2

Action                   |  1- 3 |  4- 6 |  7- 9 | 10-12 || total
-------------------------+-------+-------+-------+-------++-------
Melee: Long sword        |    10 |    23 |    76 |    35 ||   144
  Use: Potion            |     1 |       |     2 |     2 ||     5
       Scroll            |       |       |     3 |     7 ||    10
  Eat: Chunk             |       |       |       |     1 ||     1
Armor: Scale mail        |     4 |    10 |    35 |       ||    49
       Chain mail        |       |       |    22 |    78 ||   100
Dodge: Dodged            |     4 |     3 |    37 |     5 ||    49
Block: Shield            |     3 |    15 |    61 |    12 ||    91
       Rpst.: Long sword |     1 |       |     7 |       ||     8
